 Dungeon Crawl Stone Soup version 0.20-a0-991-g93344ec (webtiles) character file.

5700 Rrauwl the Protected (level 10, -9/82 HPs)
             Began as a Bultungin Abyssal Knight on Apr 11, 2017.
             Was a High Priest of Lugonu.
             Mangled by a two-headed ogre
             ... wielding a +0 giant spiked club
              (28 damage)
             ... on level 9 of the Dungeon.
             The game lasted 00:35:39 (8558 turns).

Rrauwl the Protected (Bultungin Abyssal Knight)     Turns: 8558, Time: 00:35:39

Health: -9/82      AC: 12    Str: 13    XL:     10   Next: 76%
Magic:  16/16      EV: 22    Int: 15    God:    Lugonu [*****.]
Gold:   687        SH:  0    Dex: 15    Spells: 9/9 levels left

rFire    + . .     SeeInvis +   a - +4 battleaxe (freeze)
rCold    + . .     Gourm    .   (shield currently unavailable)
rNeg     . . .     Faith    .   z - +1 leather armour
rPois    .         Spirit   .   k - +2 helmet
rElec    .         Reflect  .   j - scarf {rC+}
rCorr    .         Harm     .   (no gloves)
MR       .....     Rnd*Rage +   C - +0 pair of boots
Stlth    +.........             q - amulet of regeneration
Regen    0.7/turn               d - +5 ring of evasion
MPRegen  0.2/turn               p - ring of protection from fire

@: no status effects
A: short attention span, fangs 1, thin metallic scales 1, see invisible, berserk
2, clever 1, strong nose
a: Depart the Abyss, Bend Space, Banish, Corrupt, Enter the Abyss, Renounce
Religion


You were on level 9 of the Dungeon.
You worshipped Lugonu.
Lugonu was extremely pleased with you.
You were hungry.

You visited 2 branches of the dungeon, and saw 12 of its levels.
You visited the Abyss 1 time.
You also visited: Ossuary.

You collected 687 gold pieces.

Inventory:

Hand Weapons
 a - a +4 battleaxe of freezing (weapon)
 b - a +2 whip of freezing
Missiles
 m - 66 bolts
Armour
 j - a scarf of cold resistance (worn)
 k - a +2 helmet (worn)
 z - a +1 leather armour (worn)
 C - a +0 pair of boots (worn)
Magical Staves
 t - an uncursed staff of air
Jewellery
 d - a +5 ring of evasion (left hand)
 g - an uncursed ring of stealth
 o - an uncursed amulet of guardian spirit
 p - a ring of protection from fire (right hand)
 q - an amulet of regeneration (around neck)
Wands
 n - a wand of enslavement (6/24)
 r - a wand of iceblast (13/15)
 w - a wand of lightning (8/15)
 E - a wand of random effects (21/48)
Scrolls
 e - 3 scrolls of enchant armour
 f - 6 scrolls of remove curse
 i - a scroll of fear
 v - 2 scrolls of teleportation
 x - 4 scrolls of identify
 y - a scroll of amnesia
Potions
 s - 2 potions of curing
 u - 3 potions of magic
 A - a potion of lignification
Comestibles
 c - 7 bread rations
 h - 4 meat rations
 l - 3 royal jellies
 B - 4 chunks of flesh


   Skills:
 + Level 8.5 Fighting
 + Level 9.0 Axes
 + Level 9.1 Armour
 + Level 8.6 Dodging
 + Level 8.9 Invocations
 + Level 7.4 Evocations


You had 9 spell levels left.
You didn't know any spells.

Dungeon Overview and Level Annotations

Branches:
Dungeon (11/15)            Temple (1/1) D:5
   Lair: D:8-11         Orc: D:9-12

Altars:
Ashenzari
Cheibriados
Dithmenos
Elyvilon
Fedhas
Gozag
Hepliaklqana
Kikubaaqudgha
Makhleb
Nemelex Xobeh
Okawaru
Ru
Sif Muna
Trog
Uskayaw
Vehumet
Wu Jian
Xom
Zin
The Shining One


Innate Abilities, Weirdness & Mutations

You have a short attention span.
You have very sharp teeth.
You have supernaturally acute eyesight. (SInv)
Your uncanny sense of smell can sniff out nearby items.
You are partially covered in thin metallic scales. (AC +2)
You often lose your temper in combat.
Your mind is acute. (Int +2)


Message History

The two-headed ogre completely misses you.
The two-headed ogre hits you with a dire flail!
You barely miss the two-headed ogre.
The two-headed ogre is almost dead.
The two-headed ogre hits you with a giant spiked club.
The two-headed ogre completely misses you.
You closely miss the two-headed ogre.
The two-headed ogre is almost dead.
The two-headed ogre hits you with a giant spiked club!
* * * LOW HITPOINT WARNING * * *
The two-headed ogre hits you with a dire flail.
* * * LOW HITPOINT WARNING * * *
You hit the two-headed ogre. You freeze the two-headed ogre.
The two-headed ogre is almost dead.
The two-headed ogre closely misses you. x2
You hit the two-headed ogre. You freeze the two-headed ogre.
The two-headed ogre is almost dead.
The orc wizard looks satisfied for a moment.
The two-headed ogre hits you with a giant spiked club!!
You die...

# .# ###########.#
##>......o...
#....#####o###.#.#
########....'..@Ohhhh....
#......"....###########.#
#.######....# #.#
#####...# #.###...#####
#.##.....## #.#.......#
#....._...# ###.......#


You could see a two-headed ogre, an orc wizard (invisible) and 4 jackals.

Vanquished Creatures
  A two-headed ogre (D:10)
  Pikel (D:7)
  Psyche (D:10)
  A hornet (D:10)
  2 hippogriffs
  A wyvern (D:10)
  A hungry ghost (D:10)
  3 orc warriors
  2 eyes of draining (D:10)
  3 ice beasts
  4 slaves (D:7)
  2 ogres
  A centaur (D:10)
  A big kobold (D:7)
  An elf zombie (Ossuary)
  A bullfrog (D:6)
  A water moccasin zombie (D:7)
  A scorpion (D:5)
  8 wights (D:10)
  6 killer bees (D:10)
  6 howler monkeys
  A crimson imp (D:10)
  3 centaur zombies
  A bullfrog zombie (D:5)
  7 hounds
  4 orc wizards
  4 orc priests (D:7)
  Jessica (D:2)
  Ijyb (D:5)
  8 worker ants
  Terence (D:2)
  2 big kobold zombies (Ossuary)
  A hound zombie (Ossuary)
  2 hound skeletons (D:4)
  3 mummies (Ossuary)
  3 gnolls (D:3)
  A howler monkey skeleton (D:6)
  11 adders
  2 shadow imps
  2 oozes
  2 adder zombies (Ossuary)
  6 worms
  6 dart slugs
  8 leopard geckos
  26 orcs
  7 bats
  3 giant cockroaches
  6 hobgoblins
  10 jackals
  10 kobolds
  6 quokkas
  A ball python (D:4)
  3 frilled lizards
  A gnoll zombie (Ossuary)
  8 goblins
  5 goblin zombies (Ossuary)
  3 hobgoblin zombies (Ossuary)
  3 jackal zombies (Ossuary)
  5 kobold zombies (Ossuary)
  A leopard gecko skeleton (D:5)
  2 orc zombies (Ossuary)
  A quokka skeleton (D:6)
  3 quokka zombies (Ossuary)
  9 rats
  3 rat zombies (Ossuary)
244 creatures vanquished.

Vanquished Creatures (others)
  An orc wizard (D:7)
1 creature vanquished.

Grand Total: 245 creatures vanquished

Notes
Turn   | Place    | Note
-------+----------+-------------------------------------------
     0 | Abyss:1  | Rrauwl the Bultungin Abyssal Knight began the quest for the Orb.
     0 | Abyss:1  | Reached XP level 1. HP: 20/20 MP: 2/2
    36 | Abyss:1  | Noticed a flayed ghost
    46 | Abyss:1  | Noticed a ynoxinul
    46 | D:1      | Escaped the Abyss
   251 | D:1      | Reached XP level 2. HP: 23/26 MP: 4/4
   268 | D:1      | Reached * piety under Lugonu
   574 | D:1      | Reached XP level 3. HP: 30/31 MP: 5/5
   863 | D:2      | Found a shimmering altar of Xom.
   881 | D:2      | Noticed Terence
   909 | D:2      | Killed Terence
   909 | D:2      | Reached XP level 4. HP: 27/38 MP: 4/6
  1033 | D:2      | Noticed Jessica
  1035 | D:2      | Found an opulent altar of Gozag.
  1043 | D:2      | Killed Jessica
  1191 | D:2      | Reached ** piety under Lugonu
  1353 | D:2      | Reached XP level 5. HP: 40/43 MP: 6/8
  2014 | D:3      | Reached skill level 5 in Fighting
  2249 | D:3      | You fall through a shaft!
  2400 | D:3      | Reached skill level 5 in Armour
  2400 | D:3      | Reached XP level 6. HP: 51/51 MP: 9/9
  2879 | D:4      | Reached skill level 5 in Invocations
  3082 | D:4      | Reached skill level 5 in Axes
  3339 | D:4      | Reached XP level 7. HP: 56/57 MP: 11/11
  3602 | D:5      | Entered Level 5 of the Dungeon
  3602 | D:5      | Noticed a hippogriff
  3620 | D:5      | Killed a hippogriff
  3788 | D:5      | Found a staircase to the Ecumenical Temple.
  3799 | Temple   | Entered the Ecumenical Temple
  3935 | D:5      | Reached *** piety under Lugonu
  4003 | D:5      | Reached skill level 5 in Dodging
  4160 | D:5      | Noticed Ijyb
  4182 | D:5      | Killed Ijyb
  4248 | D:5      | Found a deep blue altar of Sif Muna.
  4384 | D:5      | Reached skill level 1 in Evocations
  4384 | D:5      | Reached XP level 8. HP: 55/65 MP: 12/12
  4463 | D:5      | Found an iron altar of Okawaru.
  4463 | D:5      | Found an ornate altar of the Wu Jian Council.
  4464 | D:5      | Found a shimmering altar of Xom.
  4477 | D:5      | Found a sacrificial altar of Ru.
  4698 | D:6      | You fall through a shaft!
  4824 | D:7      | Found a white marble altar of Elyvilon.
  5085 | D:6      | Found a sand-covered staircase.
  5090 | Ossuary  | Entered an ossuary
  5105 | Ossuary  | Reached **** piety under Lugonu
  5482 | D:6      | Identified a scroll of acquirement
  5686 | D:6      | Reached XP level 9. HP: 70/73 MP: 14/14
  5841 | D:6      | Reached ***** piety under Lugonu
  6299 | D:7      | Noticed Pikel
  6323 | D:7      | Gained mutation: Your mind is acute. (Int +2) [potion of mutation]
  6323 | D:7      | Gained mutation: You tend to lose your temper in combat. [potion of mutation]
  6323 | D:7      | Gained mutation: You often lose your temper in combat. [potion of mutation]
  6323 | D:7      | Gained mutation: You are partially covered in thin metallic scales. (AC +2) [potion of mutation]
  6338 | D:7      | Killed Pikel
  6406 | D:7      | Reached skill level 5 in Evocations
  7536 | D:8      | You fall through a shaft for 3 floors!
  7552 | D:10     | Entered Level 10 of the Dungeon
  7625 | D:10     | Reached XP level 10. HP: 31/80 MP: 16/16
  7886 | D:10     | Noticed Psyche
  7901 | D:10     | Noticed a two-headed ogre
  7907 | D:10     | Killed a two-headed ogre
  8462 | D:10     | Killed Psyche
  8513 | D:9      | Found an ancient bone altar of Kikubaaqudgha.
  8544 | D:9      | Noticed a two-headed ogre
  8558 | D:9      | Mangled by a two-headed ogre

Vault maps used:
D:1:      tarquinn_simple_flora_water_a, minmay_misc_feat_room,
          corexii_item_surrounded_by_moat, minmay_large_rounded_square
D:2:      grunt_gozag_breadcrumbs, xom_teletrap_fun, uniq_jessica, uniq_terence
D:4:      kennysheep_minor_cross
D:5:      nicolae_overflow_quartered_altars, tgw_sif,
          minmay_temple_entry_purple_smoke, first_bread, uniq_iyjb
D:6:      enter_ossuary_2
D:7:      elyvilon_altar_5, uniq_pikel
D:8:      yredelemnul_altar_generic, minmay_lair_entry_grove, basic_altar
D:9:      kennysheep_mini_moat, lemuel_round_altar, minmay_orc_entry_guard_dogs,
          serial_shops, nicolae_shop_waterfront
D:10:     kennysheep_blocky_hall, uniq_psyche
D:11:     serial_co_window_serial, co_window_of_opportunity_a,
          co_window_paths_a, co_window_corner_a, co_window_paths_a,
          co_window_paths_b, co_window_corner_cb, co_window_corner_b,
          co_window_corner_b, co_window_broadway_b, co_window_paths_e,
          co_window_sun, glass_columns_b, glass_columns_a, hangedman_ranch,
          grunt_ministairs_8
Temple:   minmay_temple_bridge_abc
Ossuary:  minmay_ossuary_two_tombs

Skill      XL: |  1  2  3  4  5  6  7  8  9 10 |
---------------+-------------------------------+-----
Invocations    | 3 4 5 6 7 8 |  8.9
Axes           | 4 5 6 7 8 9 |  9.0
Armour         | 4 5 6 7 8 9 |  9.1
Dodging        | 2 3 4 5 6 7 8 |  8.6
Fighting       | 5 6 7 8 |  8.5
Evocations     | 1 4 6 7 |  7.4

Action                   |  1- 3 |  4- 6 |  7- 9 | 10-12 || total
-------------------------+-------+-------+-------+-------++-------
Melee: Hand axe          |    60 |   265 |   837 |    54 ||  1216
       Bite              |     3 |    22 |    91 |    20 ||   136
       Battleaxe         |       |       |       |   113 ||   113
Invok: Depart the Abyss  |     1 |       |       |       ||     1
Evoke: Wand              |       |       |     5 |       ||     5
  Use: Scroll            |     5 |     3 |     5 |     2 ||    15
       Potion            |     1 |     4 |     9 |       ||    14
  Eat: Chunk             |       |     8 |    11 |       ||    19
       Fruit             |       |       |     6 |       ||     6
       Meat ration       |       |       |     1 |       ||     1
       Royal jelly       |       |       |       |     1 ||     1
Armor: Leather armour    |    12 |    38 |   139 |    34 ||   223
       Skin              |       |    13 |    19 |       ||    32
Dodge: Dodged            |    48 |   197 |   700 |   178 ||  1123
